 Dungeon Crawl Stone Soup version 0.20-a0-3-g334f831 (webtiles) character file.

141 JeffiDaFish the Covered (level 5, -8/33 HPs)
             Began as a Gargoyle Fighter on Oct 30, 2016.
             Killed by divine providence
             ... invoked by an orc priest
              (14 damage)
             ... on level 3 of the Dungeon.
             The game lasted 00:08:31 (1951 turns).

JeffiDaFish the Covered (Gargoyle Fighter)          Turns: 1951, Time: 00:08:33

Health: -8/33      AC: 15    Str: 19 (22) XL:     5   Next: 24%
Magic:  0/5        EV:  5    Int:  4 (7)  God:
Gold:   133        SH:  9    Dex:  6 (9)  Spells: 0 memorised, 4 levels left

rFire  . . .     SeeInvis .     a - +0 flail
rCold  . . .     Gourm    .     j - +0 chain mail
rNeg   + . .     Faith    .     c - +0 shield
rPois  ∞         Spirit   +     (no helmet)
rElec  +         Reflect  .     (no cloak)
rCorr  .         Harm     .     (no gloves)
MR     .....                    (no boots)
Stlth  ..........               n - amulet of guardian spirit
                                (no ring)
                                i - +2 ring of protection

@: no status effects
A: deterioration 1, dopey 1, negative energy resistance 1, electricity
resistance, strong 1, unbreathing, petrification resistance, rot immunity, AC +4
a: no special abilities


You were on level 3 of the Dungeon.
You were not hungry.

You visited 1 branch of the dungeon, and saw 3 of its levels.

You collected 133 gold pieces.

Inventory:

Hand Weapons
 a - a +0 flail (weapon)
Armour
 c - a +0 shield (worn)
 j - a +0 chain mail (worn)
Jewellery
 i - a +2 ring of protection (left hand)
 n - an amulet of guardian spirit (around neck)
Wands
 m - a wand of acid (4/15)
Scrolls
 g - a scroll of fog
Potions
 d - a potion of might
 e - a potion of flight
 l - a potion of haste
 o - a potion of magic
Comestibles
 b - a meat ration
 f - 3 bread rations
 h - 4 fruits
 k - a slice of pizza
 p - 6 chunks of flesh


   Skills:
 + Level 3.7 Fighting
 + Level 3.5 Maces & Flails
 + Level 4.1 Armour
 + Level 0.7 Dodging
 + Level 4.1 Shields


You had 4 spell levels left.
You didn't know any spells.

Dungeon Overview and Level Annotations

Branches:
Dungeon (3/15)

Altars:
Nemelex Xobeh
Yredelemnul


Innate Abilities, Weirdness & Mutations

You are resistant to torment.
Your stone body is resilient. (AC +4)
You are immune to poison.
You resist negative energy. (rN+)
You are resistant to electric shocks. (rElec)
You can survive without breathing.
You are immune to petrification.
You are immune to rotting.
Your body sometimes deteriorates upon taking damage.
You are dopey. (Int -2)
Your muscles are strong. (Str +2)


Message History

The orc priest hits you but does no damage.
You block the giant cockroach's attack.
You hit the orc priest but do no damage.
The orc priest is almost dead.
The orc priest calls down the wrath of Beogh upon you.
Pain shoots through your body!
* * * LOW HITPOINT WARNING * * *
The giant cockroach bites you but does no damage.
You closely miss the orc priest.
The orc priest is almost dead.
The giant cockroach bites you but does no damage.
The orc priest hits you but does no damage.
The giant cockroach bites you but does no damage.
You barely miss the orc priest.
The orc priest is almost dead.
The orc priest miscasts a cantrip.
You block the giant cockroach's attack.
The orc priest mumbles some strange prayers to Beogh against you.
Beogh smites you!
You die...

#.# # .... #####.# #
...... ....## #
#..#.####...#####
#................
#.....###...####.
#.##.........###.
#.#####s##.###.........
#...go@(...# #.....####
#.##.###(### ##...#####
# ##.## #....)...
#.##...######.######
#.............#
####...######## ##.##
...# #####


You could see an orc priest, a giant cockroach and a goblin.

Vanquished Creatures
  An orc wizard (D:3)
  2 adders
  2 oozes
  A worm (D:2)
  2 dart slugs (D:2)
  3 leopard geckos (D:1)
  8 orcs (D:3)
  11 giant cockroaches
  3 goblins
  7 hobgoblins
  10 kobolds
  2 quokkas
  A ball python (D:1)
  3 bats (D:1)
  4 frilled lizards
  5 rats
65 creatures vanquished.

Notes
Turn   | Place    | Note
-------+----------+-------------------------------------------
     0 | D:1      | JeffiDaFish the Gargoyle Fighter began the quest for the Orb.
     0 | D:1      | Reached XP level 1. HP: 14/14 MP: 1/1
   253 | D:1      | Reached XP level 2. HP: 15/19 MP: 2/2
   714 | D:1      | Reached XP level 3. HP: 23/23 MP: 3/3
   800 | D:1      | Gained mutation: Your muscles are strong. (Str +2) [potion of mutation]
   800 | D:1      | Gained mutation: Your body sometimes deteriorates upon taking damage. [potion of mutation]
   800 | D:1      | Gained mutation: You are dopey. (Int -2) [potion of mutation]
  1250 | D:2      | Found a sparkling altar of Nemelex Xobeh.
  1276 | D:2      | Reached XP level 4. HP: 28/28 MP: 4/4
  1777 | D:3      | Found a basalt altar of Yredelemnul.
  1814 | D:3      | Reached XP level 5. HP: 33/33 MP: 5/5
  1951 | D:3      | Killed from afar by an orc priest

Vault maps used:
D:1:      dpeg_arrival_simpleton_b, serial_bayou_pond_c
D:2:      nemelex_xobeh_ov_fountains_minmay, serial_glass, glass_columns_b,
          glass_columns_b
D:3:      nicolae_overflow_crystal_walls

Skill      XL: |  1  2  3  4 |
---------------+-------------+-----
Maces & Flails | 3 |  3.5
Armour         | 4 |  4.1
Shields        | 4 |  4.1
Fighting       | |  3.7
Dodging        | |  0.7

Action                   |  1- 3 |  4- 6 || total
-------------------------+-------+-------++-------
Melee: Flail             |   174 |   118 ||   292
  Use: Scroll            |     4 |     3 ||     7
       Potion            |     5 |     3 ||     8
  Eat: Chunk             |     2 |     2 ||     4
Armor: Scale mail        |   116 |       ||   116
       Chain mail        |     1 |    73 ||    74
Dodge: Dodged            |    62 |    22 ||    84
Block: Shield            |   102 |    65 ||   167
